AAA W
OMAHA STORM CHASERS @ SACRAMENTO RIVER CATS
09/18/2030
 
TOP OF THE 1ST
Omaha Storm Chasers batting - Pitching for Sacramento River Cats : LHP Seth Corry
Pitching: LHP Seth Corry
Batting: LHB Phil Mondragon 0-0: Hit by Pitch
Batting: RHB Pat Allen 0-0: Foul Ball, location: 2F
0-1: Swinging Strike
0-2: Ball
1-2: Foul Ball, location: 7LMF
1-2: Ball
2-2: Foul Ball, location: 9LMF
2-2: Foul Ball, location: 25FF
2-2: Strikes out looking
Batting: LHB J.J. Hogan 0-0: Called Strike
0-1: Foul Ball, location: 7LMF
0-2: Strikes out swinging
Batting: RHB Mike McGee 0-0: Ball
1-0: Ball
2-0: Ball
3-0: Called Strike
3-1: Fly out, F7 (Flyball, 7D, EV 91.3 MPH)
Top of the 1st over - 0 runs, 0 hits, 0 errors, 1 left on base; Omaha 0 - Sacramento 0
BOTTOM OF THE 1ST
Sacramento River Cats batting - Pitching for Omaha Storm Chasers : RHP Josh Coolman
Pitching: RHP Josh Coolman
Batting: RHB Alex Baca 0-0: Foul Ball, location: 7LDF
0-1: Fly out, F9 (Flyball, 89D, EV 94.4 MPH)
Batting: RHB Chris Gardner 0-0: Ground out 3-1 (Groundball, 34, EV 93.1 MPH)
Batting: LHB Hermengildo Faio 0-0: Ball
1-0: Fly out, F7 (Flyball, 78S, EV 88.8 MPH)
Bottom of the 1st over - 0 runs, 0 hits, 0 errors, 0 left on base; Omaha 0 - Sacramento 0
TOP OF THE 2ND
Omaha Storm Chasers batting - Pitching for Sacramento River Cats : LHP Seth Corry
Batting: LHB John Dodman 0-0: Ball
1-0: Ball
2-0: Ball
3-0: Called Strike
3-1: Foul Ball, location: 2F
3-2: Fly out, F8 (Flyball, 8LM, EV 81.3 MPH)
Batting: LHB Jose Hurtado 0-0: Called Strike
0-1: Ball
1-1: Foul Ball, location: 2F
1-2: Strikes out swinging
Batting: SHB Joe Bavon 0-0: Ball
1-0: Swinging Strike
1-1: Ball
2-1: Ball
3-1: Foul Ball, location: 23F
3-2: Base on Balls
Batting: LHB Kevin MacDougall 0-0: Called Strike
0-1: Foul Ball, location: 3F
0-2: DOUBLE (Flyball, 8RD, EV 108.8 MPH)
Joe Bavon to third
Joe Bavon scores
Batting: RHB Kevin Safir 0-0: Fly out, F8 (Flyball, 8LD, EV 83.8 MPH)
Top of the 2nd over - 1 run, 1 hit, 0 errors, 1 left on base; Omaha 1 - Sacramento 0
BOTTOM OF THE 2ND
Sacramento River Cats batting - Pitching for Omaha Storm Chasers : RHP Josh Coolman
Batting: LHB Jamel Miller 0-0: Foul Ball, location: 2F
0-1: Ball
1-1: Foul Ball, location: 25F
1-2: Ball
2-2: Ground out 6-3 (Groundball, 4, EV 76.9 MPH)
Batting: LHB Sean Cody 0-0: Swinging Strike
0-1: Ball
1-1: Ball
2-1: Ground out 4-3 (Groundball, 4, EV 87.5 MPH)
Batting: LHB Steve Martin 0-0: Called Strike
0-1: Ball
1-1: Ball
2-1: Ball
3-1: Base on Balls
Batting: LHB Jeff Bogard 0-0: Ball
1-0: Called Strike
1-1: Foul Ball, location: 2F
1-2: Foul Ball, location: 7LMF
1-2: Strikes out swinging
Bottom of the 2nd over - 0 runs, 0 hits, 0 errors, 1 left on base; Omaha 1 - Sacramento 0
TOP OF THE 3RD
Omaha Storm Chasers batting - Pitching for Sacramento River Cats : LHP Seth Corry
Batting: LHB Phil Mondragon 0-0: Called Strike
0-1: Foul Ball, location: 5DF
0-2: Ball
1-2: Strikes out swinging
Batting: RHB Pat Allen 0-0: Ball
1-0: Called Strike
1-1: Swinging Strike
1-2: Ball
2-2: Foul Ball, location: 9LMF
2-2: SINGLE (Line Drive, 56, EV 100.6 MPH)
Batting: LHB J.J. Hogan 0-0: Ball
1-0: Called Strike
1-1: Ball
2-1: Grounds into double play, U6-3 (Groundball, 6MD, EV 96.9 MPH)
Top of the 3rd over - 0 runs, 1 hit, 0 errors, 0 left on base; Omaha 1 - Sacramento 0
BOTTOM OF THE 3RD
Sacramento River Cats batting - Pitching for Omaha Storm Chasers : RHP Josh Coolman
Batting: LHB Mike Kramer 0-0: Called Strike
0-1: Fly out, F4 (Popup, 23, EV 84.4 MPH)
Batting: SHB Luis Ravelo 0-0: Fly out, F7 (Flyball, 7LS, EV 81.3 MPH)
Batting: RHB Alex Baca 0-0: Fly out, F7 (Flyball, 78M, EV 89.4 MPH)
Bottom of the 3rd over - 0 runs, 0 hits, 0 errors, 0 left on base; Omaha 1 - Sacramento 0
TOP OF THE 4TH
Omaha Storm Chasers batting - Pitching for Sacramento River Cats : LHP Seth Corry
Batting: RHB Mike McGee 0-0: Foul Ball, location: 23F
0-1: Foul Ball, location: 9LDF
0-2: Ball
1-2: Fly out, F7 (Flyball, 78M, EV 90.0 MPH)
Batting: LHB John Dodman 0-0: Foul Ball, location: 2F
0-1: Swinging Strike
0-2: Ball
1-2: Ball
2-2: Ball
3-2: DOUBLE (Line Drive, 78XD, EV 102.5 MPH)
Batting: LHB Jose Hurtado 0-0: Foul Ball, location: 23F
0-1: Ground out 4-3 (Groundball, 4, EV 80.6 MPH)
John Dodman to third
Batting: SHB Joe Bavon 0-0: Called Strike
0-1: Called Strike
0-2: Strikes out swinging
Top of the 4th over - 0 runs, 1 hit, 0 errors, 1 left on base; Omaha 1 - Sacramento 0
BOTTOM OF THE 4TH
Sacramento River Cats batting - Pitching for Omaha Storm Chasers : RHP Josh Coolman
Batting: RHB Chris Gardner 0-0: Ball
1-0: Ground out 5-3 (Groundball, 56, EV 104.4 MPH)
Batting: LHB Hermengildo Faio 0-0: Ball
1-0: Foul Ball, location: 3F
1-1: Swinging Strike
1-2: Ball
2-2: Ball
3-2: Base on Balls
Batting: LHB Jamel Miller 0-0: Ball
1-0: Swinging Strike
1-1: Called Strike
1-2: SINGLE (Groundball, 4MD, EV 98.1 MPH)
Hermengildo Faio to second
Runner from 2nd tries for 3rd, SAFE, throw by CF made to third
Batting: LHB Sean Cody 0-0: Called Strike
0-1: Ball
1-1: Ball
2-1: Ball
3-1: Base on Balls
Jamel Miller to second
Batting: LHB Steve Martin 0-0: Fly out, F8 (Flyball, 8LM, EV 91.9 MPH)
Runner from 3rd tags up, SCORES, throw by CF
Jamel Miller to third
Batting: LHB Jeff Bogard 0-0: Foul Ball, location: 7LDF
0-1: Ball
1-1: Ball
2-1: Fly out, F7 (Flyball, 7LM, EV 95.6 MPH)
Bottom of the 4th over - 1 run, 1 hit, 0 errors, 2 left on base; Omaha 1 - Sacramento 1
TOP OF THE 5TH
Omaha Storm Chasers batting - Pitching for Sacramento River Cats : LHP Seth Corry
Batting: LHB Kevin MacDougall 0-0: Swinging Strike
0-1: Ball
1-1: Foul Ball, location: 23FF
1-2: Foul Ball, location: 9LDF
1-2: SINGLE (Groundball, 34D, EV 106.3 MPH)
Batting: RHB Kevin Safir 0-0: Foul Ball, location: 9LMF
0-1: Foul Ball, location: 9LSF
0-2: Grounds into double play, 6-4-3 (Groundball, 6, EV 86.9 MPH)
Batting: LHB Phil Mondragon 0-0: Ball
1-0: Foul Ball, location: 7LMF
1-1: Swinging Strike
1-2: Ball
2-2: Foul Ball, location: 25F
2-2: Foul Ball, location: 25F
2-2: Ground out 6-3 (Groundball, 6M, EV 102.5 MPH)
Top of the 5th over - 0 runs, 1 hit, 0 errors, 0 left on base; Omaha 1 - Sacramento 1
BOTTOM OF THE 5TH
Sacramento River Cats batting - Pitching for Omaha Storm Chasers : RHP Josh Coolman
Batting: LHB Mike Kramer 0-0: Foul Ball, location: 3F
0-1: Ball
1-1: Ball
2-1: Fly out, F9 (Flyball, 9D, EV 101.3 MPH)
Batting: SHB Luis Ravelo 0-0: Ball
1-0: Ground out 6-3 (Groundball, 6, EV 83.1 MPH)
Batting: RHB Alex Baca 0-0: Ball
1-0: Swinging Strike
1-1: Ground out 6-3 (Groundball, 6, EV 90.6 MPH)
Bottom of the 5th over - 0 runs, 0 hits, 0 errors, 0 left on base; Omaha 1 - Sacramento 1
TOP OF THE 6TH
Omaha Storm Chasers batting - Pitching for Sacramento River Cats : LHP Seth Corry
Batting: RHB Pat Allen 0-0: Ball
1-0: Ball
2-0: Fly out, F9 (Flyball, 9, EV 96.3 MPH)
Batting: LHB J.J. Hogan 0-0: Called Strike
0-1: Foul Ball, location: 9LSF
0-2: Ball
1-2: Ball
2-2: Ball
3-2: SINGLE (Line Drive, 8LS, EV 95.0 MPH)
Batting: RHB Mike McGee 0-0: Foul Ball, location: 9LDF
0-1: Ball
1-1: Ball
2-1: Swinging Strike
2-2: Grounds into double play, 5-4-3 (Groundball, 56S, EV 87.5 MPH)
Top of the 6th over - 0 runs, 1 hit, 0 errors, 0 left on base; Omaha 1 - Sacramento 1
BOTTOM OF THE 6TH
Sacramento River Cats batting - Pitching for Omaha Storm Chasers : RHP Josh Coolman
Batting: RHB Chris Gardner 0-0: Ground out 3-1 (Groundball, 34D, EV 98.8 MPH)
Batting: LHB Hermengildo Faio 0-0: Ground out 6-3 (Groundball, 6MS, EV 83.8 MPH)
Batting: LHB Jamel Miller 0-0: Ball
1-0: DOUBLE (Groundball, 3L, EV 102.5 MPH)
Batting: LHB Sean Cody 0-0: Foul Ball, location: 2F
0-1: Ground out 3-1 (Groundball, 34S, EV 86.3 MPH)
Bottom of the 6th over - 0 runs, 1 hit, 0 errors, 1 left on base; Omaha 1 - Sacramento 1
TOP OF THE 7TH
Omaha Storm Chasers batting - Pitching for Sacramento River Cats : LHP Seth Corry
Pitching: RHP Jeff Robertson
Batting: LHB John Dodman 0-0: Called Strike
0-1: Ball
1-1: Fly out, F7 (Flyball, 78S, EV 95.0 MPH)
Batting: LHB Jose Hurtado 0-0: Ball
1-0: Called Strike
1-1: Ball
2-1: Ball
3-1: Ground out 4-3 (Groundball, 4, EV 108.1 MPH)
Batting: SHB Joe Bavon 0-0: Ball
1-0: Foul Ball, location: 5F
1-1: Ground out 4-3 (Groundball, 4M, EV 110.0 MPH)
Top of the 7th over - 0 runs, 0 hits, 0 errors, 0 left on base; Omaha 1 - Sacramento 1
BOTTOM OF THE 7TH
Sacramento River Cats batting - Pitching for Omaha Storm Chasers : RHP Josh Coolman
Batting: LHB Steve Martin 0-0: Ball
1-0: Foul Ball, location: 7LDF
1-1: Ball
2-1: Foul Ball, location: 5F
2-2: Ball
3-2: Base on Balls
Batting: LHB Jeff Bogard 0-0: Called Strike
0-1: Foul Ball, location: 25F
0-2: Foul Ball, location: 3F
0-2: Ball
1-2: Strikes out swinging
Batting: LHB Mike Kramer 0-0: Called Strike
0-1: Foul Ball, location: 2F
0-2: Foul Ball, location: 3FF
0-2: Grounds into double play, 5-6-3 (Groundball, 56, EV 85.0 MPH)
Bottom of the 7th over - 0 runs, 0 hits, 0 errors, 0 left on base; Omaha 1 - Sacramento 1
TOP OF THE 8TH
Omaha Storm Chasers batting - Pitching for Sacramento River Cats : RHP Jeff Robertson
Batting: LHB Kevin MacDougall 0-0: Ball
1-0: Foul Ball, location: 2F
1-1: Called Strike
1-2: Foul Ball, location: 3SF
1-2: Ball
2-2: Ball
3-2: Ground out 5-3 (Groundball, 56S, EV 88.1 MPH)
Pitching: RHP Joe Green
Batting: RHB Kevin Safir 0-0: SINGLE (Line Drive, 7S, EV 91.9 MPH)
Batting: LHB Phil Mondragon 0-0: Swinging Strike
0-1: Swinging Strike
0-2: Fielders Choice at 2nd, 1-6 (Groundball, 34S, EV 64.4 MPH)
Pinch Hitting: LHB Jonathan Gonzalez 0-0: Ball
1-0: Called Strike
Phil Mondragon steals 2nd base
1-1: Ball
2-1: Ball
3-1: Fly out, F5 (Flyball, 5D, EV 93.1 MPH)
Top of the 8th over - 0 runs, 1 hit, 0 errors, 1 left on base; Omaha 1 - Sacramento 1
BOTTOM OF THE 8TH
Sacramento River Cats batting - Pitching for Omaha Storm Chasers : RHP Josh Coolman
Now in LF: Phil Mondragon
Now in RF: Jonathan Gonzalez
Batting: SHB Luis Ravelo 0-0: Called Strike
0-1: Ball
1-1: Ground out 5-3 (Groundball, 5L, EV 105.6 MPH)
Batting: RHB Alex Baca 0-0: Ball
1-0: Ball
2-0: Foul Ball, location: 3F
2-1: Ball
3-1: Base on Balls
Batting: RHB Chris Gardner 0-0: Ball
1-0: Fly out, F9 (Flyball, 89M, EV 91.9 MPH)
Batting: LHB Hermengildo Faio 0-0: Ball
1-0: Hit by Pitch
Alex Baca to second
Batting: LHB Jamel Miller 0-0: Ball
1-0: Called Strike
1-1: SINGLE (Line Drive, 9S, EV 101.3 MPH)
Alex Baca to third
Hermengildo Faio to second
Runner from 3rd tries for Home, SAFE, throw by RF to home
Batting: LHB Sean Cody 0-0: Ball
1-0: Foul Ball, location: 2F
1-1: Called Strike
1-2: Foul Ball, location: 25F
1-2: SINGLE (Groundball, 4D, EV 102.5 MPH)
Hermengildo Faio to third
Jamel Miller to second
Runner from 3rd tries for Home, SAFE, throw by CF to home
Batting: LHB Steve Martin 0-0: Called Strike
0-1: Foul Ball, location: 2F
0-2: Ball
1-2: Ball
2-2: Foul Ball, location: 2F
2-2: Strikes out swinging
Bottom of the 8th over - 2 runs, 2 hits, 0 errors, 2 left on base; Omaha 1 - Sacramento 3
TOP OF THE 9TH
Omaha Storm Chasers batting - Pitching for Sacramento River Cats : RHP Joe Green
Pitching: RHP Doug Storms
Batting: LHB J.J. Hogan 0-0: Called Strike
0-1: Ball
1-1: Ball
2-1: Swinging Strike
2-2: Ground out 1-3 (Groundball, 13S, EV 72.5 MPH)
Batting: RHB Mike McGee 0-0: Ground out 3-1 (Groundball, 34S, EV 86.9 MPH)
Batting: LHB John Dodman 0-0: Ground out 2-3 (Groundball, 2L, EV 66.9 MPH)
Top of the 9th over - 0 runs, 0 hits, 0 errors, 0 left on base; Omaha 1 - Sacramento 3
Monday, April 22nd , 2024 - OOTP Baseball 24.7 Build 72